 Dungeon Crawl Stone Soup version 0.29-a0-214-g17f627cfee (webtiles) character file.

Game seed: 7515890050718514107

844 Hasart the Bolt Thrower (level 7, 0/58 HPs)
             Began as a Demigod Hunter on Feb 24, 2022.
             Slain by a black bear (3 damage)
             ... on level 6 of the Dungeon.
             The game lasted 00:07:09 (5905 turns).

Hasart the Bolt Thrower (Demigod Hunter)            Turns: 5905, Time: 00:07:09

Health: 0/58       AC: 10    Str: 13    XL:     7   Next: 40%
Magic:  9/9        EV: 14    Int: 16    God:
Gold:   317        SH:  0    Dex: 22    Spells: 6/6 levels left

rFire   . . .      SeeInvis .   a - +1 hand crossbow
rCold   + + .      Faith    .   (no shield)
rNeg    . . .      Spirit   .   q - +3 leather armour "Tuunludo" {Rampage *Slow rPois rC++}
rPois   +          Reflect  .   k - +2 helmet {Int+3}
rElec   .          Harm     .   (no cloak)
rCorr   .          Rampage  +   (no gloves)
Will    .....                   p - +0 pair of boots
Stlth   +++.......              (no amulet)
HPRegen 0.19/turn               (no ring)
MPRegen 0.11/turn               (no ring)

@: slowed, very slow
A: high MP 1, forlorn, divine attributes
a: no special abilities


You were on level 6 of the Dungeon.
You visited 1 branch of the dungeon, and saw 6 of its levels.

You collected 317 gold pieces.

Inventory:

Hand Weapons
 a - a +1 hand crossbow (weapon)
 r - the +3 woodcutter's axe {vorpal}
   (You found it on level 4 of the Dungeon)

   It inflicts extra damage upon your enemies.
Armour
 b - a +1 leather armour
 k - a +2 helmet of intelligence (worn)
 p - a +0 pair of boots (worn)
 q - the +3 leather armour "Tuunludo" (worn) {Rampage *Slow rPois rC++}
   (You found it on level 5 of the Dungeon)

   rC:        It greatly protects you from cold.
   rPois:     It protects you from poison.
   *Slow:     It may slow you when you take damage.
   Rampage:   It bestows one free step when moving towards enemies.
Jewellery
 n - a ring of fire
Wands
 l - a wand of acid (8)
Scrolls
 d - 3 scrolls of teleportation
 e - 2 scrolls of immolation
 j - a scroll of fear
Potions
 c - 3 potions of curing
 f - 2 potions of resistance {unknown}
 g - a potion of heal wounds {unknown}
 h - a potion of degeneration {unknown}
 i - 2 potions of haste {unknown}
 o - a potion of magic {unknown}


   Skills:
 + Level 3.9 Fighting
 * Level 6.2 Crossbows
 + Level 3.8 Dodging
 + Level 3.8 Stealth


You had 6 spell levels left.
You didn't know any spells.
Your spell library was empty.

Dungeon Overview and Level Annotations

Branches:
Dungeon (6/15)             Temple (0/1) D:4

Annotations:
D:3 3 runed translucent doors, BigAl's ghost, weakling TrMo; p0werm0de's ghost, amateur DjCK


Innate Abilities, Weirdness & Mutations

You have an increased reservoir of magic. (+10% MP)
You shall have no god before yourself.
Your divine heritage dramatically boosts your attributes as you level up.


Message History

The black bear closely misses you. The black bear barely misses you.
The black bear closely misses you. The black bear barely misses you. x2
The black bear closely misses you. x3
The black bear claws you but does no damage.
Shoot: a) +1 hand crossbow
Press: ? - help, Q - select action, (/) - cycle Shift-Dir - straight line, f/p - black bear
Aim: a black bear (almost dead, berserk, 75% to hit)
You shoot a bolt. The bolt barely misses the black bear.
The black bear bites you but does no damage.
The black bear claws you.
* * * LOW HITPOINT WARNING * * *
You feel as though you will be slow longer.
The black bear barely misses you. x2; The black bear completely misses you.
The black bear claws you but does no damage.
The black bear bites you!
* * * LOW HITPOINT WARNING * * *
The black bear barely misses you. x2
Shoot: a) +1 hand crossbow
Press: ? - help, Q - select action, (/) - cycle Shift-Dir - straight line, f/p - black bear
Aim: a black bear (almost dead, berserk, 75% to hit)
You shoot a bolt. The bolt barely misses the black bear.
The black bear bites you.
* * * LOW HITPOINT WARNING * * *
The black bear claws you but does no damage. x2
The black bear misses you.
The black bear claws you but does no damage. x2
Unknown command.
Shoot: a) +1 hand crossbow
Press: ? - help, Q - select action, (/) - cycle Shift-Dir - straight line, f/p - black bear
Aim: a black bear (almost dead, berserk, 75% to hit)
You shoot a bolt. The bolt barely misses the black bear.
The black bear misses you. The black bear barely misses you.
The black bear claws you but does no damage.
The black bear bites you.
* * * LOW HITPOINT WARNING * * *
The black bear claws you.
* * * LOW HITPOINT WARNING * * *
The black bear claws you but does no damage.
The black bear bites you.
You die...

#..# #...... #..#
#......
######..######.^).##
#.................'.
#.####..######....##
#.# #..# ###### #.#
#..# #.#####.###
#..@h..>...
#######.### #.#


You could see a black bear (berserk).

Vanquished Creatures
  Sigmund (D:4)
  2 ogres (D:5)
  4 scorpions
  A bullfrog skeleton (D:5)
  An orc priest (D:5)
  A hound (D:4)
  A hound zombie (D:5)
  A howler monkey zombie (D:5)
  Robin (D:2)
  A gnoll (D:1)
  4 adders
  2 worms
  A dart slug (D:1)
  8 orcs
  3 bats
  8 endoplasms
  3 giant cockroaches
  11 goblins
  9 hobgoblins
  11 jackals
  5 quokkas
  5 ball pythons (D:1)
  3 frilled lizards
  2 kobolds (D:2)
  6 rats
95 creatures vanquished.

Vanquished Creatures (others)
  5 withered plants (D:3)
5 creatures vanquished.

Grand Total: 100 creatures vanquished

Notes
Turn   | Place    | Note
-------+----------+-------------------------------------------
     0 | D:1      | Hasart the Demigod Hunter began the quest for the Orb.
     0 | D:1      | Reached XP level 1. HP: 17/17 MP: 3/3
    44 | D:1      | Reached skill level 1 in Stealth
   109 | D:1      | Reached XP level 2. HP: 24/24 MP: 4/4
   310 | D:1      | Reached skill level 4 in Crossbows
   373 | D:1      | Reached XP level 3. HP: 11/29 MP: 5/5
  1311 | D:2      | Noticed Robin
  1330 | D:2      | HP: 1/29 [Robin/+0 spear (2)]
  1335 | D:2      | Killed Robin
  1727 | D:2      | Reached XP level 4. HP: 37/37 MP: 6/6
  2945 | D:3      | Found a runed translucent gate.
  2946 | D:3      | Found a runed translucent gate.
  2946 | D:3      | Found a runed translucent gate.
  2947 | D:3      | Noticed BigAl's ghost (weakling TrMo)
  2947 | D:3      | Noticed p0werm0de's ghost (amateur DjCK)
  3406 | D:4      | Noticed Sigmund
  3413 | D:4      | Killed Sigmund
  3414 | D:4      | Reached skill level 5 in Crossbows
  3414 | D:4      | Reached XP level 5. HP: 35/45 MP: 7/7
  3420 | D:4      | Reached XP level 6. HP: 17/51 MP: 8/8
  3928 | D:4      | Found the +3 woodcutter's axe {vorpal}
  4061 | D:4      | Found a staircase to the Ecumenical Temple.
  4340 | D:5      | Entered Level 5 of the Dungeon
  4946 | D:5      | Reached XP level 7. HP: 50/57 MP: 9/9
  5001 | D:5      | Identified the +3 leather armour "Tuunludo" {Rampage *Slow
                  | rPois rC++}
  5153 | D:5      | Reached skill level 6 in Crossbows
  5591 | D:5      | Identified the +1 ring mail "Veowom Negau" {Int+4}
  5905 | D:6      | Slain by a black bear

Illustrated notes

Levels and vault maps discovered:
D:1:      scummos_arrival_simple_crosswalls, layout_loops_ring,
          hellmonk_ecumenical_altar_pennies_from_heaven,
          chequers_serial_rivers_small_b, hangedman_abyss_or_decor_stabs
D:2:      layout_loops_corners, moated_statue, uniq_robin
D:3:      layout_basic, gammafunk_ghost_cemetery
D:4:      layout_cave_pods, minmay_temple_entry_hall, uniq_sigmund
D:5:      layout_loops_corners, lemuel_round_altar, mainiacjoe_overflow_catwalk
D:6:      layout_basic, lemuel_round_altar, chequers_serial_rivers_micro_e

Skill      XL: |  1  2  3  4  5  6  7 |
---------------+----------------------+-----
Stealth        | 1 2 3 |  3.8
Fighting       | 2 3 |  3.9
Dodging        | 2 3 |  3.8
Crossbows      | 4 5 6 |  6.2

Action                   |  1- 3 |  4- 6 |  7- 9 || total
-------------------------+-------+-------+-------++-------
 Fire: Hand crossbow     |   128 |   156 |    44 ||   328
Evoke: Wand              |       |     3 |       ||     3
  Use: Scroll            |       |     8 |     1 ||     9
Armor: Leather armour    |    12 |    16 |    19 ||    47
Dodge: Dodged            |    32 |    47 |    44 ||   123

Table legend: (Time is in decaauts)
 A = Elapsed time spent in this place.
 B = Non-inter-level travel time spent in this place.
 C = Inter-level travel time spent in this place.
 D = Time resting spent in this place.
 E = Time spent auto-exploring this place.
 F = Levels seen in this place.
 G = Mean time per level.
                   A        B        C        D        E       F      G
               +--------+--------+--------+--------+--------+-----+--------+
         Total |   6008 |   5639 |    369 |    239 |   4716 |   6 | 1001.3 |
       Dungeon |   6008 |   5639 |    369 |    239 |   4716 |   6 | 1001.3 |
               +--------+--------+--------+--------+--------+-----+--------+

Top non-repeatable levels by time:
     D:5: 1386 daAuts
     D:2: 1345 daAuts
     D:1: 1242 daAuts
     D:4: 1233 daAuts
     D:3: 730 daAuts
     D:6: 69 daAuts
